Map: Orbital Shipyard

Players

Nerchio - Winner!

  • Race: Zerg Zerg
  • League: Diamond

Beastyqt

  • Race: Terran Terran
  • League: Master

Event: Lycan League Weekly August #1

VOD

Have the link to the VOD?

Description

Time

  • Played on: Aug. 3, 2015, 3:27 p.m.
  • Length: 9:50

All games in this series

Show
View Real Time Build Order
Export as new Build Order

Nerchio Zerg - Winner!

Build Orders: Hatch First 

Get SALT Encoding   

  12  0:00  Drone  
  13  0:12  Overlord  
  13  0:18  Drone  
  14  0:31  Drone x2  
  14  0:34  Drone  
  17  0:52  Hatchery  
  17  0:54  Drone  
  17  1:01  Drone, Extractor  
  17  1:14  Spawning Pool  
  17  1:16  Drone  
  17  1:19  Drone  
  18  1:28  Drone  
  19  1:38  Overlord  
  19  1:49  Drone  
  20  2:01  Queen, Zergling x2  
  21  2:02  Metabolic Boost  
  21  2:06  Queen  
  25  2:08  Zergling x2  
  25  2:12  Drone  
  27  2:15  Drone  
  28  2:25  Drone  
  28  2:26  Drone  
  30  2:37  Drone, Queen  
  30  2:38  Drone  
  30  2:43  Overlord  
  34  2:48  Drone  
  35  2:54  Evolution Chamber, Drone  
  35  3:00  Zergling x2  
  35  3:05  Zergling x2  
  37  3:09  Drone  
  38  3:16  Zergling x4  
  38  3:17  Drone x3  
  43  3:22  Overlord  
  43  3:27  Overlord  
  43  3:40  Drone x2, Queen  
  47  3:43  Drone  
  47  3:45  Drone x4  
  47  3:48  Drone x2  
  53  3:53  Hatchery  
  53  3:54  Zerg Melee Weapons Level 1  
  53  3:56  Overlord  
  53  3:58  Drone  
  54  4:03  Extractor  
  54  4:06  Overlord  
  54  4:10  Drone x3  
  54  4:15  Extractor  
  54  4:16  Drone, Roach Warren  
  55  4:19  Drone  
  55  4:21  Drone x2  
  55  4:23  Drone  
  55  4:24  Drone  
  60  4:26  Drone  
  61  4:32  Lair  
  61  4:34  Extractor  
  61  4:35  Drone  
  61  4:37  Spore Crawler  
  60  4:57  Drone  
  60  4:58  Drone x10  
  70  5:01  Overlord  
  70  5:05  Overlord  
  70  5:08  Queen  
  70  5:09  Overlord  
  70  5:12  Overlord  
  70  5:13  Pneumatized Carapace  
  71  5:17  Drone x2  
  73  5:21  Drone  
  73  5:25  Extractor  
  73  5:26  Drone, Extractor  
  73  5:27  Evolution Chamber  
  73  5:28  Drone  
  73  5:33  Overlord  
  73  5:38  Drone x2  
  76  5:42  Drone  
  76  5:43  Drone x3  
  76  5:46  Glial Reconstitution  
  76  5:47  Drone  
  76  5:49  Drone  
  82  5:50  Drone  
  82  5:51  Drone  
  83  5:57  Overlord  
  83  5:59  Zerg Melee Weapons Level 2  
  83  6:01  Zerg Ground Armor Level 1  
  83  6:02  Hatchery  
  82  6:06  Roach x2  
  82  6:08  Roach  
  82  6:09  Roach  
  90  6:12  Roach x2  
  90  6:16  Roach x2  
  98  6:22  Roach x3  
  98  6:23  Overlord  
  104  6:31  Drone  
  104  6:32  Drone  
  106  6:34  Infestation Pit  
  106  6:37  Spire  
  104  6:41  Ravager x2  
  104  6:42  Ravager x2  
  104  6:43  Roach x2  
  104  6:44  Roach x4  
  104  6:46  Overlord  
  120  6:48  Overlord  
  120  6:56  Overlord  
  120  7:00  Drone  
  120  7:01  Drone  
  122  7:05  Overlord  
  122  7:07  Drone  
  122  7:08  Drone x10  
  133  7:11  Overlord  
  133  7:20  Drone x6  
  133  7:21  Spore Crawler  
  138  7:24  Overlord  
  138  7:28  Hive  
  138  7:32  Extractor  
  138  7:33  Extractor  
  136  7:43  Zergling x10  
  136  7:44  Zergling x10  
  145  7:57  Ravager x4  
  146  8:16  Corruptor x9  
  164  8:20  Corruptor  
  164  8:22  Overlord  
  166  8:37  Overlord  
  166  8:39  Hatchery, Zergling x20  
  175  8:49  Zergling x12  
  175  8:51  Zergling x6  
  184  8:56  Overlord  
  184  8:59  Spine Crawler  
  184  9:01  Spore Crawler  
  182  9:07  Roach x4  
Show
View Real Time Build Order
Export as new Build Order

Beastyqt Terran 

Build Orders: Liberator Opening, Reaper Expand, Mech, Siege Tank Drop 

Get SALT Encoding   

  12  0:01  SCV  
  13  0:13  SCV  
  14  0:18  Supply Depot  
  14  0:25  SCV  
  15  0:39  SCV  
  15  0:40  Barracks  
  16  0:44  Refinery  
  16  0:52  SCV  
  17  1:04  SCV  
  18  1:16  SCV  
  19  1:27  Reaper  
  19  1:29  Orbital Command  
  20  1:41  Command Center  
  20  1:55  SCV  
  20  1:58  Supply Depot  
  21  2:02  Marine  
  21  2:08  SCV  
  23  2:09  Factory  
  23  2:15  Refinery  
  23  2:20  SCV  
  24  2:27  Barracks Reactor  
  24  2:32  SCV  
  25  2:45  SCV  
  26  2:54  Starport, Orbital Command  
  26  2:55  Factory Tech Lab  
  26  2:57  SCV  
  27  3:05  Marine  
  27  3:06  Marine  
  27  3:10  SCV  
  30  3:19  Siege Tank  
  33  3:20  SCV  
  33  3:22  SCV  
  33  3:26  Marine x2  
  37  3:32  SCV  
  38  3:34  SCV  
  38  3:40  Medivac  
  41  3:41  Supply Depot  
  41  3:44  Marine x2  
  41  3:45  SCV  
  41  3:47  SCV  
  45  3:53  Supply Depot  
  45  3:57  SCV  
  45  3:59  Liberator  
  45  4:01  Command Center  
  46  4:03  SCV  
  47  4:10  SCV  
  50  4:18  SCV  
  50  4:23  SCV  
  52  4:25  Refinery x2  
  52  4:26  Supply Depot  
  52  4:29  Supply Depot, Marine  
  52  4:30  Marine  
  54  4:32  Siege Tank  
  54  4:33  SCV  
  54  4:35  SCV  
  59  4:40  Supply Depot  
  59  4:45  SCV  
  60  4:47  SCV  
  61  4:57  SCV  
  62  5:00  SCV  
  62  5:03  Liberator x2  
  63  5:08  Siege Tank  
  63  5:09  SCV  
  63  5:13  SCV  
  68  5:14  Orbital Command  
  68  5:15  Engineering Bay  
  74  5:21  SCV  
  74  5:25  SCV  
  76  5:31  Orbital Command  
  76  5:34  SCV  
  77  5:36  Armory  
  77  5:37  SCV  
  77  5:41  Supply Depot  
  77  5:42  Refinery  
  78  5:46  SCV  
  78  5:49  Bunker  
  80  5:50  SCV  
  80  5:57  Factory x2  
  80  5:58  SCV  
  80  5:59  Liberator  
  80  6:00  Command Center  
  80  6:02  SCV x2, Liberator  
  80  6:03  Missile Turret  
  83  6:04  Missile Turret  
  83  6:08  Refinery  
  83  6:10  SCV  
  84  6:14  SCV x2  
  89  6:22  Supply Depot  
  92  6:26  SCV  
  92  6:30  Missile Turret  
  92  6:31  Supply Depot, Missile Turret  
  92  6:32  Terran Vehicle Weapons Level 1  
  93  6:33  SCV x2  
  93  6:38  SCV, Armory  
  96  6:45  SCV x2  
  100  6:48  Supply Depot  
  100  6:50  SCV  
  100  6:51  Factory Reactor, Liberator x2  
  100  6:52  Factory Tech Lab, Siege Tank  
  102  6:56  Supply Depot  
  102  6:57  SCV x2, Missile Turret  
  104  7:02  SCV  
  104  7:09  SCV  
  104  7:11  Missile Turret  
  104  7:12  Supply Depot, Orbital Command  
  104  7:13  Supply Depot  
  104  7:15  SCV x2  
  113  7:18  Supply Depot  
  113  7:25  Command Center  
  113  7:32  Terran Vehicle And Ship Armor Level 1, Siege Tank x2  
  119  7:41  Missile Turret  
  119  7:42  Supply Depot  
  119  7:43  Hellion x2  
  123  7:44  Sensor Tower, Liberator x2  
  123  8:04  Hellion x2, Siege Tank  
  133  8:06  SCV x2  
  135  8:21  Command Center  
  135  8:23  Command Center  
  135  8:30  Starport  
  135  8:31  Starport  
  134  8:34  Liberator x2  
  134  8:36  Factory x2  
  140  9:01  Command Center x2  
  140  9:04  Missile Turret  
  140  9:05  Command Center  
  140  9:22  Hellion x2  
  140  9:23  Hellion x4  

Tags
 
Add a new tag
Caveats
  • Supply blocks, unpowered buildings, or Contaminate may cause inaccurate times.
  • Supply counts are checked every 10 seconds.